 Dungeon Crawl Stone Soup version 0.30-a0-620-g0e44632947 (webtiles) character file.

Game seed: 18205100858747266543

74 Malachi the Sneak (level 4, 21/21 HPs)
             Began as a Felid Monk on Jan 10, 2023.
             Got out of the dungeon alive.
             The game lasted 00:02:14 (2205 turns).

Malachi the Sneak (Felid Monk)                      Turns: 2205, Time: 00:02:15

Health: 21/21      AC:  1    Str:  6 (7)  XL:     4   Next: 10%
Magic:  5/5        EV: 19    Int:  9 (11) God:
Gold:   90         SH:  0    Dex: 19 (20) Spells: 3/3 levels left
                                        Lives:  1   Deaths: 0

rFire   . . .      SeeInvis +      - Unarmed
rCold   . . .      Faith    .    (shield unavailable)
rNeg    . . .      Spirit   .    (body armour unavailable)
rPois   .          Reflect  .    (helmet unavailable)
rElec   .          Harm     .    (cloak unavailable)
rCorr   +          Rampage  .    (gloves unavailable)
Will    .....                    (boots unavailable)
Stlth   +++                      (no amulet)
HPRegen 0.23/turn                c - ring of resist corrosion
MPRegen 0.09/turn                (no ring)

@: quick
A: very small, claws 1, fangs 3, see invisible, speed 1, shaggy fur 1, stealthy
paws, no weapons or thrown items, no armour, multi-lived, deterioration 1
a: no special abilities


You escaped.
You visited 1 branch of the dungeon, and saw 2 of its levels.

You collected 90 gold pieces.

Inventory:

Jewellery
 c - a ring of resist corrosion (left paw)
Scrolls
 h - a scroll of blinking
 i - a scroll of vulnerability
Potions
 j - a potion of heal wounds


   Skills:
 - Level 3.0 Fighting
 - Level 4.1 Dodging
 + Level 6.1 Stealth
 - Level 3.0 Unarmed Combat


You had 3 spell levels left.
You didn't know any spells.
Your spell library contained the following spells:

 Spells                   Type           Power      Damage    Failure   Level
 Static Discharge         Conj/Air       0%         2-2/arc   52%         2
 Vhi's Electric Charge    Tloc/Air       0%         N/A       77%         3
 Arcjolt                  Conj/Air       0%         1d10      100%        5
 Lightning Bolt           Conj/Air       0%         1d11      100%        5


Dungeon Overview and Level Annotations

Branches:
Dungeon (2/15)

Altars:


Innate Abilities, Weirdness & Mutations

You have sharp claws.
You have razor-sharp teeth.
You have supernaturally acute eyesight. (SInv)
You cover ground quickly. (Speed+)
You are covered in fur. (AC +1)
Your paws help you pounce on unaware monsters.
You are incapable of wielding weapons or throwing items.
You cannot wear armour.
You gain extra lives every three experience levels.
Your body sometimes deteriorates upon taking damage.


Message History

You feel weakened.
You feel dopey.
You feel clumsy.
It was a potion of heal wounds.
You feel much better.
It was a potion of haste.
You feel yourself speed up.
It was a potion of magic.
Magic courses through your body.
It was a potion of berserk rage.
A red film seems to cover your vision as you go berserk!
You feel yourself moving faster!
You feel mighty!
You are too berserk!
You are too berserk!
You start waiting.
You feel a strong urge to attack something.
You start waiting.
You feel your anger nearly subside.
You start waiting.
Your blood rage is quickly leaving you.
You are no longer berserk.
You are exhausted.
You feel yourself slow down.
You start waiting.
You are starting to lose your buoyancy.
You start waiting.
Your extra speed is starting to run out.
You float gracefully downwards.
It was a potion of mutation.
You feel extremely strange.
You feel yourself wasting away.
Okay, then.
It was a potion of attraction.
You feel attractive to monsters.
You feel yourself speed up.
Unknown command.
Done exploring.
Done exploring.
You feel yourself slow down.
You recover from your berserk rage.
There is an escape hatch in the ceiling here.
A mysterious force pulls you upwards. The hatch slams shut behind you.
Unknown command.
You feel less attractive to monsters.
There is an open door here.
There is a staircase leading out of the dungeon here.
Are you sure you want to leave the Dungeon?
This will make you lose the game!
You have escaped!

#.# #..##########.#
#.######## ..#
#.............# #.# .##
#.########'#### #.# .#
#.# #.## #.# .# #.#
#..## #.# .# #.####
#...## #.### .# #....#
##....###...# .#
#########......####.# .#
#.+.....@.....# #.# .#
#.#####......## #.# .#
###..#.###....#####.#
.### #........#...##
#...#
...####.####...#..##
##### ...>....# ##.##.##
##.###..# #.##'####
##...#..# #.##.##.#
#.......#####....##.####


There were no monsters in sight!

Vanquished Creatures
  An adder (D:2)
  3 worms (D:2)
  3 dart slugs
  8 bats
  4 endoplasms
  4 giant cockroaches
  6 hobgoblins
  5 kobolds
  2 quokkas (D:2)
  A ball python (D:1)
  2 frilled lizards
  6 goblins
  A rat (D:1)
46 creatures vanquished.

Notes
Turn   | Place    | Note
-------+----------+-------------------------------------------
     0 | D:1      | Malachi the Felid Monk began the quest for the Orb.
     0 | D:1      | Reached XP level 1. HP: 10/10 MP: 2/2
    76 | D:1      | Reached skill level 3 in Stealth
   183 | D:1      | Reached XP level 2. HP: 11/14 MP: 3/3
   227 | D:1      | Found a faded altar of an unknown god.
   303 | D:1      | Reached skill level 4 in Stealth
   966 | D:2      | Reached XP level 3. HP: 17/17 MP: 4/4
  1005 | D:2      | Reached skill level 5 in Stealth
  1607 | D:2      | Reached skill level 6 in Stealth
  1607 | D:2      | Reached XP level 4. HP: 11/21 MP: 5/5
  2153 | D:2      | Gained mutation: Your body sometimes deteriorates upon
                  | taking damage. [potion of mutation]
  2205 | D:$      | Got out of the dungeon alive.

Illustrated notes

Levels and vault maps discovered:
D:1:      mrwooster_arrival_arrow, layout_loops_ring,
          hellmonk_ecumenical_altar_leap_of_faith, chequers_jeans
D:2:      layout_basic, minmay_misc_feat_square, grunt_ministairs_4,
          minmay_hexomino_c4

Skill      XL: |  1  2  3 |
---------------+----------+-----
Stealth        | 3 4 6 |  6.1
Fighting       | |  3.0
Dodging        | |  4.1
Unarmed Combat | |  3.0

Action                   |  1- 3 |  4- 6 || total
-------------------------+-------+-------++-------
Melee: Unarmed           |   127 |     8 ||   135
       Punch             |     7 |     1 ||     8
       Bite              |     5 |     1 ||     6
  Use: Potion            |     1 |     8 ||     9
       Scroll            |       |     8 ||     8
 Stab: Sleeping          |    15 |       ||    15
Armor: Skin              |     5 |       ||     5
Dodge: Dodged            |    72 |     4 ||    76

Table legend: (Time is in decaauts)
 A = Elapsed time spent in this place.
 B = Non-inter-level travel time spent in this place.
 C = Inter-level travel time spent in this place.
 D = Time resting spent in this place.
 E = Time spent auto-exploring this place.
 F = Levels seen in this place.
 G = Mean time per level.
                   A        B        C        D        E       F      G
               +--------+--------+--------+--------+--------+-----+--------+
         Total |   1878 |   1795 |     83 |    274 |   1193 |   2 |  939.0 |
       Dungeon |   1878 |   1795 |     83 |    274 |   1193 |   2 |  939.0 |
               +--------+--------+--------+--------+--------+-----+--------+

Top non-repeatable levels by time:
     D:2: 1136 daAuts
     D:1: 741 daAuts
